 Dungeon Crawl Stone Soup version 0.31.0-12-g77e489cdc1 (webtiles) character file.

Game seed: 11320961369863651591

4103 jimonade the Grappler (level 10, -9/85 HPs)
             Began as a Troll Warper on Mar 1, 2024.
             Was a High Priest of Ignis.
             Mangled by a warg (14 damage)
             ... on level 9 of the Dungeon.
             The game lasted 00:21:08 (7376 turns).

jimonade the Grappler (Troll Warper)                Turns: 7376, Time: 00:21:08

Health: -9/85      AC:  8    Str: 31    XL:     10   Next: 6%
Magic:  10/10      EV:  8    Int:  9    God:    Ignis [*****.]
Gold:   519        SH:  8    Dex:  9    Spells: 11/11 levels left

rFire   + .          .
                       - Unarmed
rCold   . . .        R - +0 kite shield {rPois}
rNeg    . . .        O - +0 acid dragon scales
rPois   +            (helmet restricted)
rElec   .            P - scarf {repulsion}
rCorr   +            (gloves unavailable)
SInv    +            (boots unavailable)
Will    .....        J - amulet of the acrobat
Stlth   +            u - ring of see invisible
HPRegen 1.14/turn    q - +6 ring of strength
MPRegen 0.12/turn

%: repel missiles, acrobat
@: no status effects
A: large, unfitting armour, claws 3, regeneration 1, shaggy fur 1, tough skin 1
a: Renounce Religion, Fiery Armour, Foxfire Swarm, Rising Flame


You were on level 9 of the Dungeon.
You worshipped Ignis.
Ignis was extremely pleased with you.
You visited 1 branch of the dungeon, and saw 9 of its levels.

You collected 519 gold pieces.

Inventory:

Hand Weapons
 N - a +0 broad axe of flaming
Missiles
 c - 7 darts of dispersal
 i - 57 stones
 l - 7 boomerangs
 r - 32 poisoned darts (quivered)
 C - 5 datura-tipped darts
 F - 4 javelins
 G - a throwing net
 S - 5 curare-tipped darts
Armour
 j - a +0 cloak
 I - an orb of mayhem
 O - +0 acid dragon scales (worn)
 P - a scarf of repulsion (worn)
 R - a +0 kite shield of poison resistance (worn)
Jewellery
 q - a +6 ring of strength (right claw)
 u - a ring of see invisible (left claw)
 v - a ring of poison resistance
 J - an amulet of the acrobat (around neck)
 U - a ring of wizardry
Talismans
 d - a maw talisman
 x - a blade talisman
 z - a beast talisman
Wands
 a - a wand of mindburst (17)
 E - a wand of iceblast (11)
 K - a wand of flame (43)
 Q - a wand of acid (5)
 T - a wand of digging (6)
Scrolls
 b - a scroll of blinking
 e - 3 scrolls of fear {unknown}
 g - a scroll of enchant armour {unknown}
 m - 3 scrolls of teleportation {unknown}
 o - 10 scrolls of identify {unknown}
 p - a scroll of torment {unknown}
 s - 2 scrolls of enchant weapon {unknown}
 y - a scroll of poison {unknown}
 B - a scroll of fog {unknown}
 D - a scroll of revelation {unknown}
 H - a scroll of amnesia {unknown}
 V - a scroll of immolation {unknown}
Potions
 f - 3 potions of curing {unknown}
 h - 4 potions of mutation {unknown}
 k - 2 potions of degeneration {unknown}
 n - 2 potions of might {unknown}
 t - a potion of haste {unknown}
 w - 3 potions of heal wounds {unknown}
 A - a potion of brilliance {unknown}
 L - a potion of berserk rage {unknown}
 M - a potion of ambrosia {unknown}
 W - a potion of enlightenment {unknown}


   Skills:
 - Level 1.5 Fighting
 - Level 0.8 Throwing
 - Level 1.9 Dodging
 + Level 4.7 Shields
 + Level 9.8 Unarmed Combat
 - Level 1.2 Spellcasting
 - Level 2.1 Translocations
 + Level 8.7 Shapeshifting


You had 11 spell levels left.
You didn't know any spells.
Your spell library contained the following spells:

 Spells                   Type           Power      Damage    Failure   Level
 Blink                    Tloc           8%         N/A       43%         2
 Lesser Beckoning         Tloc           8%         N/A       43%         2
 Freeze                   Ice            0%         1d3       61%         1
 Sandblast                Erth           0%         2d4       61%         1
 Shock                    Conj/Air       0%         1d3       61%         1
 Slow                     Hex            0%         N/A       61%         1
 Teleport Other           Tloc           4%         N/A       67%         3
 Ensorcelled Hibernation  Hex/Ice        0%         N/A       75%         2
 Frozen Ramparts          Ice            0%         1d1       93%         3
 Hailstorm                Conj/Ice       0%         3d5       93%         3
 Passwall                 Erth           0%         N/A       93%         3
 Stone Arrow              Conj/Erth      0%         3d7       93%         3
 Swiftness                Air            0%         N/A       93%         3
 Manifold Assault         Tloc           4%         N/A       97%         4
 Vhi's Electric Charge    Tloc/Air       4%         N/A       99%         4
 Brom's Barrelling Bould  Conj/Erth      0%         2d3       100%        4


Dungeon Overview and Level Annotations

Branches:
Dungeon (9/15) Zot: 26834  Temple (0/1) D:6
   Lair: D:8-11         Orc: D:9-12

Altars:
Gozag
Makhleb
Nemelex Xobeh
Ru
Sif Muna
Trog
Wu Jian
Xom
Yredelemnul
The Shining One
Ignis

Shops:
D:4 [   D:5 *

Annotations:
D:6 1 runed translucent door, middlethird's ghost, novice VSCj
D:8 4 transporters, Pikel


Innate Abilities, Weirdness & Mutations

You are too large for most types of armour.
You have claws for hands.
Your natural rate of healing is unusually fast.
You are covered in fur. (AC +1)
You have tough skin. (AC +1)


Message History

You closely miss the killer bee.
The killer bee is heavily wounded.
The killer bee stings you. x2
You barely miss the killer bee.
The killer bee is heavily wounded.
You block the killer bee's attack. The killer bee closely misses you.
You scratch the killer bee but do no damage.
The killer bee is heavily wounded.
The killer bee stings you but does no damage.
The killer bee barely misses you.
You miss the killer bee.
The killer bee is heavily wounded.
You block the killer bee's attack.
You barely miss the killer bee.
The killer bee is heavily wounded.
You block the killer bee's attack. The killer bee stings you.
You barely miss the killer bee.
The killer bee is heavily wounded.
The killer bee stings you. The killer bee closely misses you.
You closely miss the killer bee.
The killer bee is heavily wounded.
The killer bee stings you but does no damage.
You block the killer bee's attack.
You claw the killer bee!
You kill the killer bee!
You see here a killer bee corpse.
The gnoll sergeant shouts!
The kobold brigand shouts!
W - an orange potion The orc wizard shouts!
You hear a shout! x2
The orc warrior shouts!
A warg is nearby!
A warg comes into view. 2 wargs come into view.
The warg howls!
A warg comes into view. x2
There are monsters nearby!
The warg howls!
A howler monkey comes into view.
The warg closely misses you.
The howler monkey howls!
You scratch the warg but do no damage. The warg bites you!
You completely miss the warg. You block the warg's attack.
The warg closely misses you. The warg bites you!
You scratch the warg.
The warg is lightly wounded.
The warg bites you!! The warg closely misses you.
The warg stops to sniff the water.
You block the warg's attack. The warg barely misses you.
The warg stops to sniff the ground.
The warg completely misses you. You block the warg's attack.
The warg misses you.
You are too injured to fight recklessly!
You are too injured to fight recklessly!
You are too injured to fight recklessly!
You are too injured to fight recklessly!
The warg completely misses you. The warg attacks as it pursues you!
The warg completely misses you. The warg attacks as it pursues you!
The warg bites you. The warg misses you.
The warg pauses to sniff the water.
The warg bites you. The warg closely misses you.
You are too injured to fight recklessly!
You closely miss the warg.
The warg is lightly wounded.
You block the warg's attack. The warg barely misses you.
You block the warg's attack.
The howler monkey hoots and howls with incredible vigour!
You hear a bark!
You hear a shout! x10; You hear a howl!
You claw the warg!
The warg is moderately wounded.
The warg misses you. You block the warg's attack. x2
You scratch the warg.
The warg is moderately wounded.
A hell hound comes into view.
The warg bites you. The warg barely misses you.
Okay, then.
Okay, then.
Okay, then.
You barely miss the warg. The warg bites you!
* * * LOW HITPOINT WARNING * * *
The warg bites you but does no damage. The warg bites you!
* * * LOW HITPOINT WARNING * * *
The warg barely misses you. You block the warg's attack. x2
You scratch the warg.
The warg is lightly wounded.
The warg bites you but does no damage. The warg bites you!
* * * LOW HITPOINT WARNING * * *
The howler monkey hoots and howls with incredible vigour!
The warg barely misses you.
You hear a shout! x2
You claw the warg!
The warg is moderately wounded.
The warg bites you!
* * * LOW HITPOINT WARNING * * *
The warg bites you.
* * * LOW HITPOINT WARNING * * *
The warg stops to sniff the ground.
The warg bites you but does no damage. The warg bites you!
You die...

###########################
.........hh@.......P......#
.....$...hhPh.............#
≈~~~~~~~~~~~h~≈~~~~~~~....#
≈~≈≈≈≈≈≈≈≈≈≈≈≈≈≈≈≈≈≈≈~....#
~~~~~~≈~~hhh~≈≈#####≈~....#
...............#o..#≈~....#
################...#≈~....#
#+###≈~....# #.~~~....#


You could see 7 wargs, a hell hound and a howler monkey (catching breath).

Vanquished Creatures
  Erica (D:8)
  A two-headed ogre (D:8)
  Maggie (D:6)
  Psyche (D:8)
  A shadow (D:8)
  A water moccasin (D:7)
  An acid dragon (D:7)
  2 orc warriors
  A black bear (D:6)
  A sky beast (D:8)
  A centaur (D:6)
  A lemure (D:8)
  2 kobold brigands
  A phantom (D:6)
  2 gnoll sergeants
  2 scorpions
  4 killer bees (D:9)
  A crimson imp (D:7)
  4 howler monkeys
  4 hounds
  A bombardier beetle (D:7)
  3 jellies
  3 orc wizards
  6 iguanas
  13 gnolls
  11 adders
  A shadow imp (D:6)
  2 white imps
  2 ufetubi (D:5)
  2 dart slugs
  2 ribbon worms
  12 orcs
  6 endoplasms
  A giant cockroach (D:2)
  6 goblins
  13 hobgoblins
  9 jackals
  16 kobolds
  2 quokkas
  7 ball pythons
  7 bats
  3 frilled lizards
  9 rats
170 creatures vanquished.

Vanquished Creatures (others)
  An orc wizard (D:6)
1 creature vanquished.

Grand Total: 171 creatures vanquished

Notes
Turn   | Place    | Note
-------+----------+-------------------------------------------
     0 | D:1      | jimonade the Troll Warper began the quest for the Orb.
     0 | D:1      | Reached XP level 1. HP: 19/19 MP: 1/1
    52 | D:1      | Found a faded altar of an unknown god.
    61 | D:1      | Prayed at the altar of an unknown god.
    61 | D:1      | Became a worshipper of Ignis, the Dying Flame
    99 | D:1      | Reached XP level 2. HP: 27/27 MP: 2/2
   105 | D:1      | Reached skill level 1 in Shapeshifting
   679 | D:2      | Reached XP level 3. HP: 31/33 MP: 3/3
   934 | D:2      | Reached skill level 3 in Unarmed Combat
  1487 | D:2      | Reached XP level 4. HP: 41/41 MP: 4/4
  2056 | D:3      | Found a basalt altar of Yredelemnul.
  2136 | D:3      | Reached XP level 5. HP: 48/48 MP: 5/5
  2214 | D:3      | Found a glowing golden altar of the Shining One.
  2271 | D:3      | Reached skill level 4 in Unarmed Combat
  2859 | D:4      | Reached XP level 6. HP: 35/55 MP: 6/6
  3027 | D:4      | Found Vawucost's Antique Armour Emporium.
  3302 | D:4      | Identified the +1 demon trident of Lyimaem {flame, Str+4
                  | Dex+3}
  3317 | D:4      | Reached skill level 5 in Unarmed Combat
  3449 | D:5      | Entered Level 5 of the Dungeon
  3650 | D:5      | Found an ornate altar of the Wu Jian Council.
  3681 | D:5      | Reached XP level 7. HP: 45/62 MP: 7/7
  3790 | D:5      | Found Gozag's Platinum Reserve.
  3828 | D:5      | Found an opulent altar of Gozag.
  4053 | D:5      | Found a shimmering blue altar of Sif Muna.
  4062 | D:5      | Got Sif Muna's Folio of Anathema and the Zephyr
  4067 | D:5      | Found a bloodstained altar of Trog.
  4076 | D:5      | Reached skill level 6 in Unarmed Combat
  4076 | D:5      | Reached skill level 5 in Shapeshifting
  4504 | D:6      | Found a staircase to the Ecumenical Temple.
  4570 | D:6      | Found a runed translucent door.
  4571 | D:6      | Noticed middlethird's ghost (novice VSCj)
  4580 | D:6      | Reached XP level 8. HP: 42/70 MP: 8/8
  4621 | D:6      | Reached skill level 7 in Unarmed Combat
  5161 | D:6      | Noticed Maggie
  5179 | D:6      | Killed Maggie
  5298 | D:7      | Found a sacrificial altar of Ru.
  5452 | D:7      | Reached skill level 8 in Unarmed Combat
  5764 | D:7      | Reached skill level 1 in Shields
  5799 | D:7      | Reached XP level 9. HP: 58/76 MP: 9/9
  5819 | D:7      | Found a burning altar of Makhleb.
  6271 | D:8      | Noticed Pikel
  6275 | D:8      | Noticed Psyche
  6417 | D:8      | Noticed Erica
  6436 | D:8      | Killed Erica
  6437 | D:8      | Reached skill level 9 in Unarmed Combat
  6556 | D:8      | Found a sparkling altar of Nemelex Xobeh.
  6576 | D:8      | Noticed a two-headed ogre
  6591 | D:8      | Killed a two-headed ogre
  6664 | D:8      | Found a transporter.
  6664 | D:8      | Found a transporter.
  6666 | D:8      | Found a transporter.
  6706 | D:8      | Killed Psyche
  6707 | D:8      | Reached XP level 10. HP: 85/85 MP: 6/10
  7090 | D:8      | Found a transporter.
  7135 | D:8      | Found a shimmering altar of Xom.
  7376 | D:9      | Mangled by a warg

Illustrated notes

Levels and vault maps discovered:
D:1:      lightli_arrival_isolated_outpost, layout_basic,
          shapermc_ecumenical_altar_acropolis
D:2:      layout_basic
D:3:      layout_loops_cross, mainiacjoe_overflow_cross_hatched,
          tso_oasis_becter, nrook_mini_backslash
D:4:      layout_cave_pools, serial_forest, infiniplex_forest_diagonal,
          infiniplex_forest_3_way, infiniplex_forest_clump_curved,
          infiniplex_forest_zigzag_1, serial_shops, nicolae_lakefront_shop,
          minmay_misc_feat_rugged
D:5:      layout_cave_pools, nzn_overflow_gifts_of_might_and_magic,
          nicolae_gozag_zags_fifth_avenue, mainiacjoe_overflow_brackets,
          lexackson_kobold_supper
D:6:      layout_loops_ring, minmay_temple_entry_nine_rooms,
          gammafunk_ghost_grave, eino_small_chamber_without_monster, uniq_maggie
D:7:      layout_basic, nicolae_ru_sacrificial_ziggurat, general_overflow_altar,
          minmay_fire_ice_demons
D:8:      layout_basic, mainiacjoe_overflow_alcove_2,
          nemelex_spade_bored_becter, nicolae_diode_quadrants, uniq_erica,
          uniq_pikel, uniq_psyche
D:9:      lemuel_castle_with_subvaults [lemuel_castle_interior_carwin_3],
          layout_irregular_city, serial_rivers, chequers_serial_rivers_small_a,
          chequers_serial_rivers_micro_b, chequers_serial_rivers_micro_d,
          chequers_serial_rivers_room_a, chequers_serial_rivers_room_b

Skill      XL: |  1  2  3  4  5  6  7  8  9 |
---------------+----------------------------+-----
Shapeshifting  | 1 2 3 4 5 7 8 |  8.7
Unarmed Combat | 3 4 5 6 8 9 |  9.8
Shields        | 1 4 |  4.7
Fighting       | |  1.5
Throwing       | |  0.8
Dodging        | |  1.9
Spellcasting   | |  1.2
Translocations | |  2.1

Action                     |  1- 3 |  4- 6 |  7- 9 | 10-12 || total
---------------------------+-------+-------+-------+-------++-------
  Melee: Unarmed           |   107 |   148 |   264 |    37 ||   556
         Punch             |     2 |     5 |     4 |       ||    11
  Throw: Dart              |       |       |     6 |       ||     6
   Stab: Sleeping          |     1 |       |       |       ||     1
 Armour: Robe              |    55 |   140 |    86 |       ||   281
         Acid dragon scale |       |       |    70 |    45 ||   115
  Dodge: Dodged            |    34 |    62 |    90 |    30 ||   216
         Repelled          |       |       |     1 |       ||     1
  Block: Kite shield       |       |       |    19 |    28 ||    47
